 Dungeon Crawl Stone Soup version 0.31-a0-176-g91f28db67f (webtiles) character file.

Game seed: 9594479997566723738

5705 CannotBeFrozen the Carver (level 10, -11/86 HPs)
             Began as a Demigod Warper on June 18, 2023.
             Killed from afar by a lindwurm (16 damage)
             ... with a blast of flame
             ... on level 10 of the Dungeon.
             The game lasted 00:43:24 (16591 turns).

CannotBeFrozen the Carver (Demigod Warper)         Turns: 16591, Time: 00:43:25

Health: -11/86     AC:  8    Str: 12    XL:     10   Next: 24%
Magic:  13/16      EV: 12    Int: 19    God:
Gold:   295        SH:  0    Dex: 21    Spells: 11/13 levels left

rFire   . . .        y - +1 dagger (venom)
rCold   . . .        (no shield)
rNeg    . . .        c - +0 acid dragon scales
rPois   .            (no helmet)
rElec   .            o - +1 cloak
rCorr   +            (no gloves)
SInv    .            (no boots)
Will    ++...        (no amulet)
Stlth   +            z - ring of willpower
HPRegen 0.34/turn    (no ring)
MPRegen 0.15/turn

%: no passive effects
@: on blink cooldown
A: high MP 1, forlorn, divine attributes
a: no special abilities


You were on level 10 of the Dungeon.
You visited 1 branch of the dungeon, and saw 10 of its levels.

You collected 516 gold pieces.
You spent 221 gold pieces at shops.

Inventory:

Hand Weapons
 a - a +5 scimitar of freezing
 q - a +4 dagger of draining
 s - the +1 spear "Muatojy" {flame, rPois}
   (You took it off a kobold on level 5 of the Dungeon)

   rPois:     It protects you from poison.
 u - the +6 war axe "Killer Bee's Curse" {drain, +Blink rPois rN+ SInv}
   (You found it on level 7 of the Dungeon)

   rPois:     It protects you from poison.
   rN:        It protects you from negative energy.
   SInv:      It lets you see invisible.
   +Blink:    It lets you blink.
 y - a +1 dagger of venom (weapon)
 H - a +1 great sword
Missiles
 d - 7 boomerangs of dispersal {=f=F}
 e - 58 stones
 f - a curare-tipped dart {=f=F}
 j - 8 poisoned darts (quivered)
 p - 7 boomerangs
 r - a throwing net {=f=F}
 E - 4 javelins
Armour
 c - +0 acid dragon scales (worn)
 o - a +1 cloak (worn)
Jewellery
 n - a ring of fire
 z - a ring of willpower (left hand)
 G - a ring of flight
Wands
 k - a wand of paralysis (4)
 D - a wand of mindburst (19)
Scrolls
 i - 2 scrolls of amnesia
 v - a scroll of torment
 x - 5 scrolls of teleportation {@r2}
 B - 3 scrolls of poison
 C - 2 scrolls of identify {@r1}
Potions
 b - a potion of enlightenment
 g - 2 potions of brilliance
 h - a potion of haste
 l - a potion of curing {@q1}
 m - 2 potions of magic
 t - 2 potions of mutation
 w - 3 potions of ambrosia
 A - a potion of might
 F - a potion of heal wounds {@q2}


   Skills:
 - Level 7.4 Fighting
 + Level 12.1 Long Blades
 - Level 0.8 Throwing
 - Level 2.0 Armour
 - Level 2.0 Dodging
 - Level 2.0 Spellcasting
 - Level 4.0 Translocations


You had 11 spell levels left.
You knew the following spells:

 Your Spells              Type           Power      Damage    Failure   Level
z - Blink                 Tloc           34%        N/A       7%          2

Your spell library contained the following spells:

 Spells                   Type           Power      Damage    Failure   Level
 Lesser Beckoning         Tloc           34%        N/A       7%          2
 Teleport Other           Tloc           17%        N/A       14%         3
 Magic Dart               Conj           4%         1d3       24%         1
 Necrotise                Necr           4%         1d4       24%         1
 Vhi's Electric Charge    Tloc/Air       18%        N/A       32%         3
 Call Imp                 Summ           2%         N/A       36%         2
 Static Discharge         Conj/Air       2%         2-3/arc   36%         2
 Manifold Assault         Tloc           17%        N/A       43%         4
 Mephitic Cloud           Conj/Pois/Air  1%         N/A       58%         3
 Vampiric Draining        Necr           1%         2d6       58%         3
 Airstrike                Air            0%         2d(1-17)  94%         4
 Leda's Liquefaction      Hex/Erth       0%         N/A       94%         4
 Summon Lightning Spire   Summ/Air       1%         N/A       94%         4
 Agony                    Necr           1%         N/A       100%        5
 Lee's Rapid Deconstruct  Erth           0%         3d4*      100%        5
 Leda's Unmaking          Conj/Erth      0%         9d1       100%        6
 Statue Form              Tmut/Erth      0%         N/A       100%        6
 Borgnjor's Revivificati  Necr           0%         N/A       100%        8
 Necromutation            Tmut/Necr      0%         N/A       100%        8
 Death's Door             Necr           0%         N/A       100%        9


Dungeon Overview and Level Annotations

Branches:
Dungeon (10/15)            Temple (0/1) D:4             Orc (0/2) D:10
   Lair: D:8-11

Shops:
D:5 !!*=(


Innate Abilities, Weirdness & Mutations

You have an increased reservoir of magic. (+10% MP)
You shall have no god before yourself.
Your divine heritage dramatically boosts your attributes as you level up.


Message History

Throw: 8 darts (poison)
Press: ? - help, Q - select action, (/) - cycle Shift-Dir - straight line, f/p - two-headed ogre
Aim: a two-headed ogre, wielding two +0 giant clubs (severely wounded, extremely poisoned, lightly drained, 78% to hit)
Okay, then.
Press: ? - help, v - describe, . - travel
Here: a two-headed ogre, wielding two +0 giant clubs (severely wounded, extremely poisoned, lightly drained)
The floor.
Unknown command.
Found 2 stones.
Found 20 gold pieces.
Found a clear potion and a glowing rapier.
The two-headed ogre seems less drained.
A lindwurm comes into view.
Found a runed bronze wand.
An orc priest comes into view. It is wielding a +0 club.
An orc priest and an orc come into view.
The orc priest shouts!
You hear a shout!
A yak comes into view. x2
The orc shouts!
You hear a bellow!
The two-headed ogre hits you with a +0 giant club!
* * * LOW HITPOINT WARNING * * *
The two-headed ogre hits you with a +0 giant club!
* * * LOW HITPOINT WARNING * * *
The orc priest casts a cantrip, but nothing happens.
HP: 16/86 (-20) ==---------- !!
Casting: Blink (safe; 7% risk of failure)
Confirm with . or Enter, or press ? or * to list all spells.
You blink. 2 yaks and an orc wizard come into view.
Found a runed bronze wand.
The yak bellows! x2; The orc wizard shouts!
The orc priest shouts!
You hear a roar! x2
The orc priest mumbles some strange prayers to Beogh against you.
Beogh smites you!
* * * LOW HITPOINT WARNING * * *
An orc priest comes into view. It is wielding a +0 dagger.
A lindwurm comes into view.
The lindwurm breathes flames at you. The blast of flame hits you!
You die...

*,,,,~~~~,,*,,!.#.§§§§≈...#
*,,,,~~~~§.k####..§§≈§≈§.##
**,,,~~≈≈§...##.$.≈≈≈§≈..#
*,,,§~§≈≈≈≈..kk§≈≈§§≈...#
*,,.§≈§≈§≈≈≈≈§≈≈≈≈≈≈≈...#
*,*/.§§≈§§≈≈≈§§§≈≈≈≈...##
*,*o.Y§≈§§§§§§§§§≈≈....#
*,,..oYY.§≈≈§§≈≈≈.....##
***..Yo.o.@.≈§.......##
*#..o......O....(###
########..§.##### ######


You could see a two-headed ogre (very poisoned), 2 lindwurms, 4 yaks, 3 orc
priests, an orc wizard and an orc.

Vanquished Creatures
  A hornet (D:9)
  2 wraiths (D:10)
  A shadow (D:9)
  A wyvern (D:7)
  4 yaks (D:8)
  Menkaure (D:4)
  An acid dragon (D:9)
  A water moccasin (D:6)
  A black bear (D:2)
  A hornet zombie (D:7)
  2 ice beasts (D:7)
  2 orc warriors (D:9)
  3 sky beasts
  An ogre (D:5)
  A centaur (D:9)
  A phantom (D:4)
  3 kobold brigands
  2 bullfrogs
  2 necrophages (D:7)
  A scorpion (D:6)
  14 wights
  8 killer bees (D:9)
  3 howler monkeys
  A jelly (D:6)
  3 centaur zombies (D:7)
  A human zombie (D:7)
  Crazy Yiuf (D:6)
  4 hounds
  A gnoll bouda (D:6)
  5 orc priests
  Natasha (thrice) (D:3)
  Terence (D:2)
  7 iguanas
  6 orc wizards
  A mummy (D:7)
  3 howler monkey zombies (D:7)
  11 gnolls
  7 adders
  A shadow imp (D:7)
  A white imp (D:7)
  An ufetubus (D:3)
  2 worms
  2 dart slugs
  22 orcs
  4 endoplasms (D:3)
  4 giant cockroaches
  5 hobgoblins
  17 kobolds
  2 quokkas (D:2)
  8 ball pythons
  11 bats
  A frilled lizard (D:2)
  A goblin (D:3)
  2 rats
196 creatures vanquished.

Notes
Turn   | Place    | Note
-------+----------+-------------------------------------------
     0 | D:1      | CannotBeFrozen the Demigod Warper began the quest for the
                  | Orb.
     0 | D:1      | Reached XP level 1. HP: 17/17 MP: 5/5
    39 | D:1      | Reached skill level 2 in Long Blades
   497 | D:1      | Reached XP level 2. HP: 24/24 MP: 7/7
   500 | D:1      | Learned a level 2 spell: Blink
  1662 | D:3      | Reached XP level 3. HP: 29/29 MP: 8/8
  2073 | D:3      | Noticed a black bear
  2202 | D:3      | Noticed Terence
  2294 | D:3      | Reached XP level 4. HP: 7/36 MP: 9/9
  2341 | D:3      | Reached skill level 1 in Armour
  2560 | D:3      | Noticed Natasha
  2568 | D:3      | Killed Natasha
  2569 | D:3      | Reached skill level 3 in Long Blades
  3400 | D:3      | Noticed Natasha
  3411 | D:3      | Killed Natasha
  3412 | D:3      | Reached XP level 5. HP: 22/41 MP: 10/10
  3542 | D:3      | Noticed Natasha
  3549 | D:3      | Killed Natasha
  3894 | D:4      | Reached skill level 4 in Long Blades
  4107 | D:4      | Noticed Menkaure
  4715 | D:4      | Found a staircase to the Ecumenical Temple.
  5099 | D:5      | Entered Level 5 of the Dungeon
  5207 | D:5      | Reached XP level 6. HP: 47/48 MP: 11/11
  5261 | D:5      | Found Jak Hoywn's Distillery.
  5267 | D:5      | Bought a potion of lignification for 39 gold pieces
  5324 | D:5      | Found Bodial's Antique Weapon Emporium.
  5385 | D:5      | Found Tues's Assorted Antiques.
  5428 | D:5      | Reached skill level 5 in Long Blades
  5432 | D:5      | Found Yrghor Meti's Jewellery Emporium.
  5613 | D:5      | Identified the +1 spear "Muatojy" {flame, rPois}
  5836 | D:5      | Reached skill level 6 in Long Blades
  5853 | D:5      | Found Raqaeth's Distillery.
  5866 | D:5      | Reached XP level 7. HP: 55/55 MP: 13/13
  6140 | D:5      | Bought a potion of haste for 130 gold pieces
  6140 | D:5      | Bought a potion of might for 52 gold pieces
  6933 | D:6      | Reached skill level 7 in Long Blades
  7535 | D:2      | Killed Terence
  8097 | D:5      | Reached skill level 8 in Long Blades
  8446 | D:6      | Reached XP level 8. HP: 34/61 MP: 14/14
  8627 | D:6      | Found a runed translucent door.
  8628 | D:6      | Noticed Crazy Yiuf
  8917 | D:6      | Killed Crazy Yiuf
  9549 | D:7      | Identified the +6 war axe "Killer Bee's Curse" {drain,
                  | +Blink rPois rN+ SInv}
 10131 | D:7      | Reached skill level 5 in Fighting
 10351 | D:7      | Reached skill level 9 in Long Blades
 10567 | D:7      | Reached XP level 9. HP: 71/75 MP: 15/15
 11260 | D:4      | Found a staircase to the Ecumenical Temple.
 11634 | D:4      | Killed Menkaure
 12833 | D:8      | You fall into a shaft and drop 2 floors!
 12833 | D:10     | Entered Level 10 of the Dungeon
 12921 | D:9      | Reached skill level 10 in Long Blades
 13301 | D:9      | Paralysed by a hornet for 2 turns
 14452 | D:8      | Reached skill level 11 in Long Blades
 14654 | D:8      | Reached XP level 10. HP: 80/86 MP: 16/16
 16077 | D:10     | Found a staircase to the Orcish Mines.
 16184 | D:10     | Reached skill level 12 in Long Blades
 16314 | D:10     | Noticed a two-headed ogre
 16582 | D:10     | Noticed a lindwurm
 16591 | D:10     | Noticed a lindwurm
 16591 | D:10     | Killed from afar by a lindwurm

Illustrated notes

Levels and vault maps discovered:
D:1:      tarquinn_simple_flora_water_d, layout_loops_corners,
          minmay_misc_feat_chi, minmay_domino_2
D:2:      layout_basic, basic_altar
D:3:      layout_basic, kennysheep_generic_room_13, uniq_terence, uniq_natasha
D:4:      layout_cave_pods, minmay_temple_entry_nine_rooms, chequers_garden,
          amcnicky_mini_corridor_feature, uniq_menkaure
D:5:      layout_layer_cave, lemuel_tele_altar, serial_shops, shop, shop, shop,
          shop_fountains, nicolae_shop_tiny_statue_garden
D:6:      layout_basic, mainiacjoe_overflow_24_doors, uniq_crazy_yiuf_cottage
D:7:      layout_cave_pods, lemuel_crystal_altar,
          lemuel_mausoleum_altar_yredelemnul,
          mainiacjoe_overflow_small_starburst,
          mainiacjoe_overflow_catch_the_wave, kennysheep_generic_room_2
D:8:      layout_cave_pods, nicolae_wu_jian_wuxing_cycle, zin_academy
D:9:      layout_basic, nicolae_overflow_hidden_temple,
          nicolae_overflow_crystal_walls, mainiacjoe_overflow_alcove_1
D:10:     layout_roguey, lemuel_crystal_altar, orc_0_dummy, special_room
          [special_room_orc], minmay_lindwurm_lava

Skill      XL: |  1  2  3  4  5  6  7  8  9 10 |
---------------+-------------------------------+-----
Long Blades    | 2 3 4 6 8 9 11 12 | 12.1
Spellcasting   | 2 |  2.0
Translocations | 3 4 |  4.0
Armour         | 1 2 |  2.0
Fighting       | 2 5 7 |  7.4
Dodging        | 2 |  2.0
Throwing       | |  0.8

Action                     |  1- 3 |  4- 6 |  7- 9 | 10-12 || total
---------------------------+-------+-------+-------+-------++-------
  Melee: Falchion          |    70 |       |     5 |       ||    75
         Dagger            |    67 |   137 |   195 |     7 ||   406
         Scimitar          |       |       |   175 |    70 ||   245
         Punch             |       |       |     6 |       ||     6
         War axe           |       |       |     5 |       ||     5
  Throw: Stone             |    21 |       |       |       ||    21
         Dart              |     1 |     7 |    36 |    16 ||    60
         Boomerang         |       |     8 |    15 |     9 ||    32
   Cast: Blink             |     1 |     4 |    13 |    10 ||    28
  Evoke: Wand              |       |     5 |    16 |     2 ||    23
    Use: Scroll            |       |    15 |     9 |       ||    24
         Potion            |       |     1 |     4 |       ||     5
   Stab: Paralysed         |       |       |     4 |       ||     4
 Armour: Leather armour    |    45 |    14 |       |       ||    59
         Ring mail         |       |    32 |    85 |       ||   117
         Skin              |       |       |     8 |       ||     8
         Acid dragon scale |       |       |    11 |    19 ||    30
  Dodge: Dodged            |    99 |    83 |   145 |    38 ||   365

Table legend: (Time is in decaauts)
 A = Elapsed time spent in this place.
 B = Non-inter-level travel time spent in this place.
 C = Inter-level travel time spent in this place.
 D = Time resting spent in this place.
 E = Time spent auto-exploring this place.
 F = Levels seen in this place.
 G = Mean time per level.
                   A        B        C        D        E       F      G
               +--------+--------+--------+--------+--------+-----+--------+
         Total |  16560 |  15503 |   1057 |   4713 |   7435 |  10 | 1656.0 |
       Dungeon |  16560 |  15503 |   1057 |   4713 |   7435 |  10 | 1656.0 |
               +--------+--------+--------+--------+--------+-----+--------+

Top non-repeatable levels by time:
     D:6: 2380 daAuts
     D:9: 2339 daAuts
     D:3: 2156 daAuts
     D:4: 1910 daAuts
     D:5: 1896 daAuts
     D:7: 1862 daAuts
     D:2: 1352 daAuts
     D:8: 1150 daAuts
     D:1: 928 daAuts
    D:10: 582 daAuts
